Map: Thunderbird LE

Players

Serral

  • Race: Zerg Zerg
  • Spawn Location: 5:00

Reynor - Winner!

  • Race: Zerg Zerg
  • Spawn Location: 11:00

Event: 2019 WCS Summer

VOD

Have the link to the VOD?

Description

Time

  • Played on: July 14, 2019, 3:26 p.m.
  • Length: 18:42

All games in this series

Show
View Real Time Build Order
Export as new Build Order

Serral Zerg 

Build Orders: Hatch First, Lurkers 

Get SALT Encoding   

  12  0:00  Drone  
  13  0:12  Overlord  
  13  0:17  Drone  
  14  0:31  Drone x2  
  16  0:48  Hatchery  
  15  0:51  Drone  
  15  0:54  Drone  
  17  0:58  Drone  
  18  1:08  Extractor  
  17  1:13  Spawning Pool  
  17  1:16  Drone  
  17  1:19  Drone  
  18  1:28  Drone  
  19  1:39  Drone  
  20  1:49  Drone  
  21  2:00  Overlord  
  21  2:01  Zergling x2, Queen x2  
  21  2:08  Metabolic Boost  
  26  2:11  Drone x2  
  28  2:22  Drone x2  
  30  2:34  Hatchery  
  30  2:36  Drone  
  30  2:38  Drone  
  31  2:45  Queen  
  31  2:50  Overlord  
  33  2:56  Baneling Nest  
  32  2:59  Drone x2  
  32  3:03  Overlord  
  34  3:06  Drone  
  34  3:09  Drone  
  36  3:19  Overlord  
  36  3:22  Drone  
  36  3:24  Zergling x6  
  36  3:25  Drone  
  41  3:29  Drone  
  41  3:32  Drone  
  43  3:35  Evolution Chamber  
  43  3:40  Drone  
  42  3:43  Baneling x2  
  42  3:44  Zergling x4  
  42  3:46  Drone x3  
  47  3:51  Drone  
  47  3:54  Drone x3  
  51  3:58  Drone x2  
  51  4:01  Zerg Missile Weapons Level 1  
  53  4:08  Overlord  
  53  4:09  Zergling x2, Drone  
  55  4:14  Drone  
  55  4:20  Drone x2  
  55  4:21  Extractor  
  55  4:22  Extractor  
  55  4:24  Overlord  
  55  4:26  Lair  
  55  4:29  Drone x2  
  55  4:31  Drone x3  
  59  4:32  Roach Warren  
  59  4:34  Drone x2  
  59  4:36  Zergling x2  
  59  4:37  Drone  
  63  4:39  Drone x2  
  63  4:43  Drone x3  
  68  4:51  Drone  
  68  4:53  Pneumatized Carapace  
  68  4:54  Drone x2  
  68  4:56  Extractor  
  68  4:58  Extractor x2  
  68  4:59  Overlord  
  67  5:00  Drone x2  
  67  5:03  Drone x4  
  73  5:10  Overlord  
  73  5:14  Overlord  
  73  5:18  Drone x2  
  73  5:21  Drone x3  
  77  5:24  Overseer  
  77  5:27  Drone  
  79  5:31  Roach x4  
  79  5:33  Glial Reconstitution  
  87  5:37  Hatchery  
  86  5:43  Drone  
  86  5:45  Evolution Chamber, Overlord  
  86  5:50  Baneling x2  
  86  5:51  Roach x5  
  86  5:53  Overlord x2  
  96  5:57  Overlord  
  96  6:06  Drone  
  96  6:07  Drone x3  
  96  6:11  Zerg Ground Armor Level 1  
  100  6:12  Roach x2, Spore Crawler  
  100  6:13  Roach  
  100  6:15  Overseer  
  100  6:18  Drone  
  106  6:19  Overlord  
  106  6:20  Overlord  
  106  6:21  Spore Crawler  
  107  6:25  Roach  
  107  6:26  Roach x2  
  107  6:30  Drone  
  107  6:31  Zerg Missile Weapons Level 2, Overlord  
  112  6:33  Roach x2  
  112  6:34  Roach  
  118  6:42  Roach x5  
  128  6:51  Queen  
  128  6:52  Roach x4  
  137  7:00  Overlord  
  137  7:01  Overlord x2  
  135  7:03  Roach x4  
  135  7:05  Ravager x2  
  135  7:06  Ravager x2  
  147  7:10  Roach  
  147  7:11  Roach x2  
  153  7:18  Roach x3  
  153  7:22  Overlord x2  
  159  7:24  Roach  
  159  7:25  Roach x3  
  167  7:32  Overlord  
  167  7:35  Roach x4  
  173  7:39  Overlord x2  
  173  7:43  Ravager x2  
  175  7:48  Infestation Pit, Extractor  
  175  7:49  Roach x7  
  187  7:53  Overseer  
  187  7:54  Overlord x2  
  187  8:01  Roach x4  
  195  8:06  Zerg Ground Armor Level 2  
  195  8:20  Overseer  
  195  8:26  Hive  
  195  8:29  Roach x2  
  199  8:35  Overseer  
  199  8:40  Tunneling Claws  
  199  8:41  Burrow  
  199  8:43  Ravager  
  200  8:51  Hydralisk Den  
  199  9:00  Spine Crawler  
  199  9:02  Spine Crawler  
  197  9:04  Spine Crawler  
  197  9:05  Drone x3  
  199  9:10  Overseer  
  199  9:18  Extractor  
  198  9:24  Hatchery  
  198  9:27  Lurker Den  
  196  9:37  Zerg Missile Weapons Level 3  
  196  9:38  Muscular Augments  
  196  9:59  Roach x2  
  200  10:07  Roach x5  
  192  10:18  Roach x7  
  192  10:20  Roach x27  
  177  10:23  Hydralisk x5  
  177  10:24  Roach x7  
  199  10:36  Extractor  
  199  10:37  Extractor  
  199  10:40  Ravager  
  199  10:41  Roach  
  200  10:47  Zerg Ground Armor Level 3  
  200  10:49  Grooved Spines  
  188  10:53  Hydralisk x2  
  188  10:54  Adaptive Talons  
  190  11:03  Drone x2  
  192  11:18  Drone  
  184  11:20  Lurker x4  
  184  11:21  Viper x2, Drone  
  184  11:22  Viper x2  
  184  11:23  Overseer  
  199  11:34  Overlord x2  
  199  11:35  Overseer  
  197  11:43  Roach x9  
  197  11:44  Drone x3  
  200  11:53  Overseer  
  198  11:59  Spore Crawler  
  195  12:01  Spine Crawler  
  195  12:03  Viper x2  
  195  12:07  Hydralisk  
  195  12:08  Hydralisk x6, Roach x22  
  192  12:20  Lurker x2  
  192  12:22  Hydralisk x3  
  200  12:35  Roach  
  196  12:43  Roach x13  
  196  12:44  Roach x7  
  187  12:46  Hydralisk x6  
  199  13:07  Overlord  
  185  13:27  Viper  
  185  13:28  Viper x3  
  185  13:33  Overlord x2  
  192  13:37  Viper  
  192  13:41  Nydus Network  
  194  13:44  Roach x19  
  194  13:46  Lurker x4  
  198  13:53  Spore Crawler  
  197  14:00  Spore Crawler  
  197  14:01  Hydralisk x2  
  200  14:04  Hatchery  
  182  14:10  Hydralisk x9  
  197  14:20  Viper x2  
  197  14:21  Viper  
  194  14:24  Hydralisk x3  
  195  14:37  Viper  
  198  14:41  Overseer  
  198  14:49  Hatchery  
  195  14:56  Drone x2  
  195  14:57  Drone x2  
  195  14:59  Viper  
  199  15:00  Overseer  
  199  15:13  Overlord  
  199  15:19  Extractor  
  198  15:27  Nydus Canal  
  198  15:34  Overlord x2  
  198  15:41  Nydus Canal  
  195  16:01  Hydralisk x3  
  195  16:03  Overlord x2  
  198  16:05  Overlord  
  198  16:08  Overlord  
  198  16:10  Overlord  
  198  16:11  Overlord  
  198  16:12  Extractor x2  
  196  16:23  Hydralisk  
  196  16:24  Hydralisk x3  
  200  16:28  Hatchery  
  200  16:30  Nydus Canal  
  199  16:52  Roach x2  
  199  16:53  Roach x2  
  183  17:03  Viper x3  
  183  17:04  Viper  
  183  17:06  Hydralisk x7  
  183  17:07  Lurker x3  
  183  17:08  Lurker  
  193  17:09  Drone x4  
  193  17:10  Hydralisk  
  192  17:36  Hydralisk x8  
  190  17:48  Hydralisk  
  190  17:49  Hydralisk x4  
  199  17:54  Hatchery  
  198  17:59  Hydralisk x5  
  182  18:06  Hydralisk x12  
  163  18:16  Lurker x5  
  163  18:17  Hydralisk x7  
Show
View Real Time Build Order
Export as new Build Order

Reynor Zerg - Winner!

Build Orders: Hatch First, Lurkers 

Get SALT Encoding   

  12  0:00  Drone  
  13  0:12  Overlord  
  13  0:17  Drone  
  14  0:30  Drone x2  
  16  0:47  Hatchery  
  15  0:51  Drone  
  15  0:54  Drone  
  17  0:58  Drone  
  18  1:09  Extractor  
  17  1:12  Spawning Pool  
  17  1:16  Drone  
  17  1:19  Drone  
  18  1:27  Drone  
  19  1:38  Drone  
  20  1:49  Drone  
  21  2:00  Drone, Queen  
  21  2:01  Drone, Queen  
  27  2:10  Overlord  
  27  2:11  Drone  
  27  2:13  Metabolic Boost  
  28  2:29  Drone x2  
  30  2:31  Hatchery  
  30  2:33  Drone  
  30  2:35  Zergling x2  
  31  2:42  Drone  
  31  2:43  Overlord  
  32  2:48  Baneling Nest  
  31  2:54  Queen  
  31  2:57  Drone  
  34  3:00  Zergling x2  
  35  3:12  Drone x6  
  41  3:13  Zergling x2  
  41  3:19  Overlord  
  42  3:20  Drone  
  42  3:23  Drone  
  44  3:32  Baneling  
  44  3:33  Baneling  
  44  3:38  Overlord  
  44  3:39  Evolution Chamber  
  44  3:40  Drone x2  
  45  3:42  Drone  
  45  3:43  Baneling  
  45  3:44  Drone  
  47  3:51  Drone  
  47  3:54  Drone x2  
  50  4:01  Zergling x6  
  53  4:04  Overlord  
  53  4:07  Drone x2  
  53  4:08  Zerg Missile Weapons Level 1  
  55  4:10  Drone x2  
  55  4:12  Drone  
  55  4:15  Drone, Extractor  
  55  4:16  Extractor, Overlord  
  56  4:20  Overlord  
  56  4:26  Roach Warren  
  56  4:28  Drone x7  
  56  4:30  Drone  
  63  4:34  Lair  
  63  4:36  Drone  
  64  4:39  Drone x2  
  64  4:41  Drone  
  64  4:42  Drone x2  
  64  4:43  Drone  
  70  4:50  Drone x2  
  70  4:52  Extractor  
  71  4:53  Drone, Extractor  
  71  4:56  Drone x3  
  71  4:57  Extractor  
  71  4:58  Drone x2, Overlord  
  75  5:00  Pneumatized Carapace  
  75  5:02  Drone  
  76  5:07  Overlord  
  76  5:10  Drone x2  
  78  5:29  Roach x9  
  78  5:32  Hatchery  
  78  5:33  Glial Reconstitution  
  78  5:34  Overlord  
  78  5:35  Overseer  
  94  5:43  Drone x3  
  94  5:46  Evolution Chamber, Overlord  
  94  5:47  Drone  
  94  5:49  Overlord  
  97  5:56  Roach  
  97  5:57  Roach x3  
  105  6:00  Overlord  
  105  6:05  Drone x2  
  105  6:10  Roach  
  109  6:16  Zerg Ground Armor Level 1, Overlord x2  
  109  6:17  Drone x5  
  109  6:18  Drone x2  
  116  6:21  Roach x2  
  116  6:22  Extractor  
  116  6:23  Zerg Missile Weapons Level 2  
  119  6:28  Roach  
  119  6:32  Roach x2  
  125  6:35  Roach  
  125  6:36  Queen  
  129  6:42  Baneling, Roach  
  129  6:43  Roach x3  
  137  6:47  Overlord x3  
  137  6:48  Roach x2  
  137  6:49  Roach x2  
  145  6:55  Roach  
  145  6:56  Roach x2  
  145  6:59  Overlord  
  151  7:04  Spore Crawler  
  151  7:06  Roach x3  
  156  7:09  Roach  
  156  7:11  Drone  
  156  7:12  Roach x4  
  156  7:13  Roach  
  166  7:17  Roach x3  
  172  7:29  Roach x6  
  184  7:31  Overlord  
  178  7:39  Drone  
  178  7:40  Drone x5  
  178  7:43  Overlord  
  184  7:45  Overlord  
  184  7:47  Tunneling Claws, Burrow  
  185  7:51  Ravager x2  
  185  7:52  Ravager x4  
  190  7:59  Spine Crawler, Overlord  
  190  8:00  Spine Crawler  
  190  8:03  Infestation Pit  
  190  8:05  Ravager  
  188  8:06  Roach x6  
  188  8:08  Overseer  
  188  8:09  Overseer  
  200  8:22  Spore Crawler  
  200  8:27  Ravager  
  200  8:28  Zerg Ground Armor Level 2  
  200  8:34  Extractor  
  200  8:36  Hydralisk Den  
  198  8:51  Drone  
  199  8:59  Hive  
  199  9:03  Overseer  
  199  9:14  Hatchery  
  199  9:16  Spore Crawler  
  197  9:18  Grooved Spines  
  195  9:34  Hydralisk  
  195  9:35  Hydralisk  
  199  9:43  Ravager  
  198  10:04  Roach x2  
  190  10:16  Roach x16  
  190  10:19  Zerg Missile Weapons Level 3  
  190  10:20  Roach x7  
  200  10:23  Lurker Den  
  199  10:29  Muscular Augments  
  199  10:36  Overseer  
  189  10:52  Hydralisk x10  
  194  11:18  Hydralisk x4  
  194  11:23  Roach x5  
  194  11:24  Roach x4  
  200  11:30  Spine Crawler  
  200  11:31  Spine Crawler  
  200  11:32  Hydralisk x6, Spore Crawler  
  192  11:33  Zerg Ground Armor Level 3, Spine Crawler  
  192  11:36  Extractor x2  
  192  11:37  Overlord  
  195  11:53  Viper x2  
  196  11:54  Adaptive Talons  
  196  11:55  Roach x18  
  197  12:21  Lurker x3  
  197  12:22  Roach x3  
  200  12:27  Spine Crawler  
  200  12:28  Spine Crawler  
  200  12:29  Spine Crawler  
  197  12:35  Hydralisk x14  
  195  12:45  Viper  
  195  12:50  Viper x3  
  194  12:52  Overseer  
  194  12:54  Hydralisk x7  
  197  13:00  Queen  
  197  13:06  Overlord x3  
  196  13:13  Overlord x2  
  194  13:30  Hydralisk x7  
  200  13:35  Overseer x2  
  200  14:03  Spine Crawler  
  200  14:05  Spine Crawler  
  184  14:14  Hydralisk x9  
  194  14:23  Hydralisk  
  194  14:24  Hydralisk x7  
  182  14:31  Hydralisk x11  
  197  14:33  Hydralisk  
  197  14:37  Overlord x4  
  195  14:39  Hydralisk  
  195  14:40  Hydralisk  
  195  14:42  Overlord  
  199  14:47  Drone x9  
  188  14:52  Lurker x7  
  188  14:53  Lurker x4  
  180  15:01  Lurker x4  
  180  15:02  Lurker x6  
  180  15:03  Lurker x2  
  180  15:04  Hydralisk  
  180  15:05  Hydralisk x3  
  200  15:10  Overseer  
  194  15:44  Hydralisk x3  
  185  15:54  Hydralisk x5  
  185  15:55  Hydralisk  
  200  16:00  Lurker x2  
  200  16:01  Lurker  
  189  16:13  Hydralisk x2  
  189  16:14  Hydralisk x2  
  189  16:16  Hydralisk x6  
  192  16:29  Lurker x4  
  196  16:35  Lurker x2  
  195  16:43  Lurker x3  
  195  16:50  Lurker x2  
  195  16:51  Lurker x2  
  197  17:07  Lurker x2  
  185  17:25  Roach x7  
Tags
 
Add a new tag
Caveats
  • Supply blocks, unpowered buildings, or Contaminate may cause inaccurate times.
  • Supply counts are checked every 10 seconds.